 Dungeon Crawl Stone Soup version 0.25-a0-340-ga1faa1601d (webtiles) character file.

Game seed: 4063707747149040649, levelgen mode: deterministic

6775 pk666 the Thaumaturge (level 10, 0/50 HPs)
             Began as a Deep Elf Wizard on Dec 29, 2019.
             Was a Priest of Vehumet.
             Slain by a two-headed ogre
             ... wielding a +0 giant club
              (30 damage)
             ... on level 10 of the Dungeon.
             The game lasted 00:25:46 (13106 turns).

pk666 the Thaumaturge (Deep Elf Wizard)            Turns: 13106, Time: 00:25:46

Health: 0/50       AC:  5    Str:  4    XL:     10   Next: 76%
Magic:  9/36       EV: 17    Int: 27    God:    Vehumet [***...]
Gold:   417        SH:  0    Dex: 13    Spells: 20/31 levels left

rFire    . . .     SeeInvis .   H - +4 dagger (venom)
rCold    . . .     Gourm    .   (no shield)
rNeg     . . .     Faith    .   a - +0 robe
rPois    +         Spirit   .   b - +0 hat
rElec    .         Reflect  .   u - +2 cloak
rCorr    .         Harm     .   (no gloves)
MR       +....                  (no boots)
Stlth    ++........             (no amulet)
HPRegen  0.16/turn              o - ring of magical power
MPRegen  0.25/turn              B - ring of poison resistance

@: no status effects
A: no striking features
a: Renounce Religion


You were on level 10 of the Dungeon.
You worshipped Vehumet.
Vehumet was most pleased with you.
You were not hungry.

You visited 2 branches of the dungeon, and saw 11 of its levels.
You also visited: Sewer.

You collected 417 gold pieces.

Inventory:

Hand Weapons
 y - a +2 dagger of speed
 H - a +4 dagger of venom (weapon)
Armour
 a - a +0 robe (worn)
 b - a +0 hat (worn)
 u - a +2 cloak (worn)
Magical Staves
 M - an uncursed staff of earth {unknown}
Jewellery
 l - an uncursed ring of ice
 o - a ring of magical power (left hand)
 w - a +2 ring of evasion
 B - a ring of poison resistance (right hand)
 E - an uncursed ring of positive energy
 F - an uncursed ring of fire
 I - a +4 ring of strength
 K - an uncursed ring of wizardry {unknown}
Wands
 k - a wand of flame (29)
 s - a wand of random effects (12)
 t - a wand of paralysis (6)
 J - a wand of polymorph (22)
Scrolls
 c - 5 scrolls of identify
 e - 5 scrolls of remove curse
 h - 4 scrolls of blinking {unknown}
 m - 2 scrolls of enchant armour {unknown}
 n - 3 scrolls of magic mapping {unknown}
 p - a scroll of fear {unknown}
 r - 7 scrolls of teleportation
 L - a scroll of immolation {unknown}
 N - a scroll of noise {unknown}
Potions
 f - 3 potions of resistance
 g - 5 potions of curing
 i - 6 potions of lignification
 j - a potion of haste {unknown}
 q - a potion of berserk rage {unknown}
 v - 2 potions of agility
 x - 4 potions of heal wounds
 z - 2 potions of cancellation {unknown}
 A - 3 potions of degeneration
 C - a potion of might
 D - 2 potions of mutation {unknown}
 G - a potion of magic {unknown}
Comestibles
 d - 18 rations
 O - 5 chunks of flesh


   Skills:
 + Level 9.5 Dodging
 - Level 2.4 Stealth
 + Level 11.4 Spellcasting
 + Level 9.1 Conjurations
 - Level 2.3 Summonings
 - Level 1.1 Translocations
 + Level 8.8 Fire Magic
 - Level 2.0 Air Magic
 - Level 2.0 Poison Magic


You had 20 spell levels left.
You knew the following spells:

 Your Spells              Type           Power        Failure   Level  Hunger
a - Magic Dart            Conj           ####         1%          1    None
b - Blink                 Tloc           N/A          3%          2    None
c - Conjure Flame         Conj/Fire      ######..     1%          3    None
d - Mephitic Cloud        Conj/Pois/Air  #####...     1%          3    None
e - Call Imp              Summ           ####....     1%          2    None

Your spell library contained the following spells:

 Spells                   Type           Power        Failure   Level  Hunger
 Inner Flame              Hex/Fire       #####...     1%          3    None
 Confusing Touch          Hex            ###...       3%          1    None
 Slow                     Hex            ###.....     5%          2    None
 Gell's Gravitas          Tloc           ###.......   7%          3    None
 Confuse                  Hex            ###.....     11%         3    None
 Yara's Violent Unravell  Hex/Tmut       ###.......   26%         5    ###....
 Petrify                  Tmut/Erth      ###.....     36%         4    None
 Metabolic Englaciation   Hex/Ice        ###.......   71%         5    ###....


Dungeon Overview and Level Annotations

Branches:
Dungeon (10/15)            Temple (1/1) D:5           Sewer (visited)
   Lair: D:8-11         Orc: D:9-12

Altars:
Ashenzari
Cheibriados
Dithmenos
Elyvilon
Fedhas
Gozag
Hepliaklqana
Kikubaaqudgha
Makhleb
Nemelex Xobeh
Okawaru
Qazlal
Ru
Sif Muna
Trog
Uskayaw
Vehumet
Wu Jian
Xom
Yredelemnul
Zin
The Shining One

Shops:
D:4 [


Message History

Casting: Mephitic Cloud (safe; 1% risk of failure)
Confirm with . or Enter, or press ? or * to list all spells.
Aiming: Magic Dart (safe; 1% risk of failure)
Press: ? - help, Shift-Dir - straight line, f/p - two-headed ogre
Aim: a two-headed ogre, wielding two +0 giant clubs (noxious fumes, lightly wounded)
The magic dart hits the two-headed ogre.
The two-headed ogre is lightly wounded.
The two-headed ogre is engulfed in noxious fumes.
The two-headed ogre appears confused.
Casting: Magic Dart (safe; 1% risk of failure)
Confirm with . or Enter, or press ? or * to list all spells.
The fire begins to smolder!
The two-headed ogre gestures wildly.
The two-headed ogre smothers the flame.
Casting: Conjure Flame (safe; 1% risk of failure)
Confirm with . or Enter, or press ? or * to list all spells.
The fire begins to smolder!
The two-headed ogre barely misses you.
The two-headed ogre hits you with a +0 giant club!!
Ouch! That really hurt!
You die...

#. #. .. #. ### #
#.# .. ...###.# .#
#.....##.####
#.O@....#
#.##.##.# #.#
.##.# ####.##.....
#.......#. .
#.##.##.#.. #?.
#)##.)#.# ##
#...#####.###)#.#
..........###.#.##


You could see a two-headed ogre (confused).

Vanquished Creatures
  2 two-headed ogres
  Pikel (D:9)
  Prince Ribbit (D:7)
  2 trolls (D:9)
  Grinder (D:3)
  A hippogriff (D:8)
  Sigmund (D:4)
  Duvessa (D:7)
  Purgy (Sewer)
  A sky beast (D:7)
  A slave (D:9)
  4 orc warriors
  An ice beast (D:8)
  A phantom (D:7)
  A black bear (D:8)
  An eye of draining (D:8)
  3 ogres
  A big kobold (D:7)
  Blork the orc (D:5)
  5 bullfrogs
  Dowan (D:7)
  2 scorpions
  4 killer bees (D:7)
  4 howler monkeys
  6 crimson imps
  4 bullfrog zombies
  A centaur zombie (D:5)
  4 jellies (D:8)
  A quasit (D:6)
  Crazy Yiuf (D:3)
  4 hounds
  5 orc priests
  7 orc wizards
  A bullfrog skeleton (D:5)
  Ijyb (D:3)
  Natasha (thrice) (D:4)
  3 iguanas
  6 worker ants
  Terence (D:2)
  A hound zombie (D:9)
  A hound skeleton (D:6)
  11 adders
  A howler monkey skeleton (D:6)
  5 shadow imps
  5 oozes (D:8)
  An adder zombie (D:5)
  3 adder skeletons
  4 worms
  A dart slug (D:1)
  7 leopard geckos
  33 orcs
  7 giant cockroaches
  4 goblins
  9 hobgoblins
  10 jackals
  7 kobolds
  3 quokkas
  10 bats
  2 frilled lizards
  A leopard gecko zombie (D:5)
  A quokka skeleton (D:5)
  2 rats
219 creatures vanquished.

Vanquished Creatures (collateral kills)
  A crimson imp (D:8)
1 creature vanquished.

Vanquished Creatures (others)
  A slave (D:9)
  A centaur (D:9)
2 creatures vanquished.

Grand Total: 222 creatures vanquished

Notes
Turn   | Place    | Note
-------+----------+-------------------------------------------
     0 | D:1      | pk666 the Deep Elf Wizard began the quest for the Orb.
     0 | D:1      | Reached XP level 1. HP: 10/10 MP: 7/7
   242 | D:1      | Reached XP level 2. HP: 15/15 MP: 4/9
  1331 | D:2      | Reached skill level 5 in Spellcasting
  1333 | D:2      | Reached XP level 3. HP: 14/19 MP: 2/11
  1405 | D:2      | Learned a level 2 spell: Blink
  1409 | D:2      | Learned a level 3 spell: Conjure Flame
  1413 | D:2      | Learned a level 3 spell: Mephitic Cloud
  1416 | D:2      | Learned a level 2 spell: Call Imp
  1808 | D:2      | Noticed Terence
  1843 | D:2      | Killed Terence
  1843 | D:2      | Reached XP level 4. HP: 24/24 MP: 6/13
  2074 | D:2      | Reached skill level 1 in Fire Magic
  2414 | D:3      | Found a runed translucent door.
  2415 | D:3      | Noticed Crazy Yiuf
  2489 | D:3      | Noticed Grinder
  2515 | D:3      | Killed Grinder
  2515 | D:3      | Reached skill level 1 in Air Magic
  2515 | D:3      | Reached skill level 1 in Poison Magic
  2515 | D:3      | Reached XP level 5. HP: 14/28 MP: 1/15
  2651 | D:3      | Reached XP level 6. HP: 30/32 MP: 16/16
  3200 | D:3      | Noticed Ijyb
  3225 | D:3      | Killed Ijyb
  3749 | D:3      | Killed Crazy Yiuf
  3749 | D:3      | Reached skill level 6 in Spellcasting
  4298 | D:4      | Noticed Natasha
  4305 | D:4      | Killed Natasha
  4565 | D:4      | Noticed Sigmund
  4574 | D:4      | Killed Sigmund
  4574 | D:4      | Reached XP level 7. HP: 36/36 MP: 17/19
  4797 | D:4      | Reached skill level 7 in Spellcasting
  4803 | D:4      | Found Sanyogg's Armour Boutique.
  4995 | D:4      | Noticed Natasha
  5000 | D:4      | Killed Natasha
  5059 | D:4      | Noticed Natasha
  5064 | D:4      | Killed Natasha
  5262 | D:5      | Entered Level 5 of the Dungeon
  5346 | D:5      | Found a staircase to the Ecumenical Temple.
  5364 | Temple   | Entered the Ecumenical Temple
  5473 | Temple   | Became a worshipper of Vehumet
  5853 | D:5      | Reached XP level 8. HP: 39/41 MP: 19/21
  5927 | D:5      | Reached skill level 5 in Conjurations
  6108 | D:5      | Found a glowing silver altar of Zin.
  6118 | D:5      | Noticed Blork the orc
  6145 | D:5      | Killed Blork the orc
  6145 | D:5      | Reached skill level 5 in Dodging
  6525 | D:6      | Found a radiant altar of Vehumet.
  6531 | D:6      | Reached * piety under Vehumet
  6531 | D:6      | Offered knowledge of Freeze by Vehumet.
  6587 | D:6      | Reached skill level 8 in Spellcasting
  6587 | D:6      | Reached skill level 5 in Fire Magic
  6779 | D:6      | Found a glowing drain.
  6794 | Sewer    | Entered a sewer
  6813 | Sewer    | Noticed Purgy
  6824 | Sewer    | Killed Purgy
  7696 | D:7      | Noticed Duvessa
  7696 | D:7      | Noticed Dowan
  7709 | D:7      | Killed Duvessa
  7711 | D:7      | Killed Dowan
  7922 | D:7      | Reached XP level 9. HP: 33/45 MP: 21/23
  7946 | D:7      | Offered knowledge of Shock by Vehumet.
  8086 | D:7      | Noticed Prince Ribbit
  8097 | D:7      | Killed Prince Ribbit
  8097 | D:7      | Reached ** piety under Vehumet
  8097 | D:7      | Reached skill level 9 in Spellcasting
  9052 | D:8      | Noticed a two-headed ogre
  9692 | D:8      | Killed a two-headed ogre
  9692 | D:8      | Reached skill level 10 in Spellcasting
 10093 | D:8      | Reached XP level 10. HP: 23/50 MP: 1/26
 10867 | D:8      | Offered knowledge of Inner Flame by Vehumet.
 11448 | D:9      | Reached *** piety under Vehumet
 12297 | D:9      | Reached skill level 11 in Spellcasting
 12544 | D:9      | Noticed Pikel
 12593 | D:9      | Killed Pikel
 13031 | D:10     | Entered Level 10 of the Dungeon
 13035 | D:10     | Noticed a two-headed ogre
 13053 | D:10     | Killed a two-headed ogre
 13096 | D:10     | Noticed a two-headed ogre
 13106 | D:10     | Slain by a two-headed ogre

Levels and vault maps discovered:
D:1:      minmay_arrival_floating_metal, layout_basic, minmay_pentomino_z2
D:2:      layout_loops_ring, first_ration, uniq_terence
D:3:      layout_basic, uniq_grinder, uniq_ijyb, uniq_crazy_yiuf_cottage
D:4:      layout_basic, serial_shops, nicolae_shop_competitors_out_of_business,
          uniq_sigmund, uniq_natasha
D:5:      layout_basic, kennysheep_mini_moat, minmay_temple_entry_ruins,
          uniq_blork_the_orc
D:6:      layout_loops_ring, basic_altar, cheibrodos_sewer_entry_drain
D:7:      layout_loops_ring, kennysheep_generic_room_3, uniq_duvessa,
          uniq_prince_ribbit1
D:8:      minmay_ornate_pinched, layout_basic, hangedman_little_slice_of_home,
          minmay_strange_pillars
D:9:      layout_roguey, uniq_pikel
D:10:     layout_loops_cross, enter_bailey_2, uniq_sonja
Temple:   kilobyte_greek_temple

Skill      XL: |  1  2  3  4  5  6  7  8  9 10 |
---------------+-------------------------------+-----
Dodging        | 3 4 6 8 9 |  9.5
Conjurations   | 2 3 4 6 7 9 |  9.1
Spellcasting   | 5 6 7 8 10 11 | 11.4
Fire Magic     | 2 3 4 5 7 8 |  8.8
Summonings     | 2 |  2.3
Air Magic      | 1 2 |  2.0
Poison Magic   | 1 2 |  2.0
Stealth        | |  2.4
Translocations | |  1.1

Action                   |  1- 3 |  4- 6 |  7- 9 | 10-12 || total
-------------------------+-------+-------+-------+-------++-------
Melee: Dagger            |       |       |    11 |     1 ||    12
 Cast: Magic Dart        |    74 |   168 |   446 |   256 ||   944
       Conjure Flame     |     2 |     7 |    21 |    19 ||    49
       Mephitic Cloud    |     2 |     5 |    17 |    16 ||    40
       Blink             |       |     5 |     5 |    12 ||    22
       Call Imp          |       |       |     3 |     7 ||    10
Evoke: Wand              |       |     3 |       |       ||     3
  Use: Potion            |       |     1 |       |       ||     1
       Scroll            |       |       |       |     6 ||     6
  Eat: Chunk             |     3 |     5 |    12 |     4 ||    24
       Ration            |       |     1 |     1 |     2 ||     4
Armor: Robe              |     2 |     3 |    30 |     8 ||    43
       Skin              |       |     1 |       |       ||     1
Dodge: Dodged            |     8 |    11 |    96 |    89 ||   204

Table legend:
 A = Non-vault XP
 B = Vault XP
 C = Vault XP percentage of total XP
 D = Non-vault monster count
 E = Vault monster count
 F = Vault count percentage of total count
                 A         B        C        D         E       F
            +---------+---------+-------+---------+---------+-------
      Total |    6754 |    2925 |  30.2 |     177 |      43 |  19.5
            +---------+---------+-------+---------+---------+-------
        D:1 |      34 |       3 |   8.1 |      18 |       2 |  10.0
        D:2 |      35 |      32 |  47.8 |       9 |       1 |  10.0
        D:3 |      68 |     342 |  83.4 |      27 |       3 |  10.0
        D:4 |     403 |     263 |  39.5 |      14 |       2 |  12.5
        D:5 |     425 |      90 |  17.5 |      24 |       1 |   4.0
        D:6 |     568 |       7 |   1.2 |      20 |       2 |   9.1
        D:7 |     854 |     621 |  42.1 |      16 |       5 |  23.8
        D:8 |    2027 |     795 |  28.2 |      25 |      20 |  44.4
        D:9 |    1307 |     626 |  32.4 |      20 |       1 |   4.8
       D:10 |    1033 |       0 |   0.0 |       4 |       0 |   0.0
      Sewer |       0 |     146 | 100.0 |       0 |       6 | 100.0
            +---------+---------+-------+---------+---------+-------
